 Dungeon Crawl Stone Soup version 0.16-a0-296-gbdb9f68 (webtiles) character file.

740 Ratboiler the Vandal (level 8, -5/52 HPs)
             Began as a Halfling Arcane Marksman on Aug 29, 2014.
             Killed from afar by a crimson imp (7 damage)
             ... with a wand of magic darts
             ... on Level 5 of the Dungeon.
             The game lasted 00:34:51 (7558 turns).

Ratboiler the Vandal (Halfling Arcane Marksman)     Turns: 7558, Time: 00:34:52

HP  -5/52        AC  3     Str 11      XL: 8   Next:  5%
MP  11/11        EV 16     Int 15      God:
Gold 180         SH  0     Dex 16      Spells:  2 memorised,  6 levels left

rFire  . . .     SeeInvis .     b - +0 dagger (venom)
rCold  . . .     Clarity  .     g - +0 robe
rNeg   . . .     rCorr    .     (no shield)
rPois  +         rRot     .     (no helmet)
rElec  .         Spirit   .     J - +0 cloak
SustAb .         Warding  .     (no gloves)
rMut   .         Stasis   .     (no boots)
Gourm  .                        (no amulet)
MR     .....                    t - ring of poison resistance
                                r - +3 ring of intelligence

@: not resistant to hostile enchantments, fairly stealthy
A: mutation resistance 1
a: no special abilities


You were on level 5 of the Dungeon.
You were not hungry.

You visited 1 branch of the dungeon, and saw 5 of its levels.

You collected 180 gold pieces.

Inventory:

Hand weapons
 a - a +0 hunting sling
 b - a +0 dagger of venom (weapon)
 p - a +0 quarterstaff
 q - a +0 club
 B - a +0 spear
 H - a +0 short sword of speed
Missiles
 h - 151 stones (quivered)
 m - 3 needles of frenzy
 E - 4 sling bullets
Armour
 g - a +0 robe (worn)
 u - a +0 chain mail
 y - a +0 leather armour
 A - a +0 ring mail
 G - a +0 scale mail
 J - a +0 cloak (worn)
Magical devices
 c - a wand of cold (3)
Comestibles
 f - 5 bread rations
 i - 4 meat rations
 v - 4 fruits
 D - a chunk of worker ant flesh
 K - 3 royal jellies
Scrolls
 o - a scroll of remove curse
 w - 2 scrolls of teleportation
 C - a scroll of noise
 F - 2 scrolls of enchant armour {unknown}
Jewellery
 r - a +3 ring of intelligence (left hand)
 t - a ring of poison resistance (right hand)
 x - an uncursed ring of sustain abilities
Potions
 e - 2 potions of restore abilities
 j - a potion of curing
 k - 3 potions of heal wounds
 l - 2 potions of brilliance {unknown}
 n - a potion of cancellation
 s - a potion of degeneration {unknown}
 z - a potion of poison {unknown}
 I - a potion of might {unknown}
Books
 d - a book of Debilitation

   Spells                             Type                      Level
   *Corona                            Hexes                        1
   *Slow                              Hexes                        2
   Inner Flame                        Hexes/Fire                   3
   Enslavement                        Hexes                        4
   Cause Fear                         Hexes                        4
   Leda's Liquefaction                Hexes/Earth                  4


   Skills:
 + Level 3.0 Fighting
 * Level 7.4 Slings
 + Level 3.2 Armour
 + Level 3.9 Dodging
 + Level 3.0 Stealth
 - Level 1.2 Spellcasting
 * Level 3.2 Hexes


You had 6 spell levels left.
You knew the following spells:

 Your Spells              Type           Power        Failure   Level  Hunger
a - Corona                Hex            ##.....      8%          1    ##.....
b - Slow                  Hex            ##......     12%         2    ###....


Dungeon Overview and Level Annotations

Branches:
Dungeon (5/15)
 Temple: D:4-7

Altars:
Cheibriados
Fedhas
Qazlal
Xom
Yredelemnul

Shops:
D:4 (*%*


Innate Abilities, Weirdness & Mutations

You are small and have problems with some larger weapons.
You are somewhat resistant to further mutation.


Message History

The crimson imp zaps a wand.
The magic dart hits you!
* * * LOW HITPOINT WARNING * * *
You hit the crimson imp but do no damage.
The crimson imp closely misses you.
You hit the crimson imp but do no damage.
The crimson imp closely misses you.
You barely miss the crimson imp. The crimson imp hits you.
* * * LOW HITPOINT WARNING * * *
The crimson imp zaps a wand.
The magic dart hits you!
* * * LOW HITPOINT WARNING * * *
The crimson imp blinks!
There is an open door here.
The crimson imp zaps a wand.
The magic dart hits you!
* * * LOW HITPOINT WARNING * * *
You close the door.
A crimson imp opens the door.
Found 16 arrows.
There is an escape hatch in the floor here.
The crimson imp zaps a wand.
The magic dart hits you!
You die...

#######.# #.....(.#
###@# .# #...#####.#
####.#.##....#
##....5..#....#
##..##'##...#..##
##..##≈.≈##..#...#
##..##5≈.≈≈##..##.#
#..##≈≈...≈≈##....#.
#..##≈...[.≈##..###.#


You could see a crimson imp.

Vanquished Creatures
  A sky beast (D:3)
  An ogre (D:5)
  A scorpion (D:4)
  An iguana (D:5)
  2 orc priests
  4 orc wizards
  A centaur skeleton (D:5)
  A hound (D:4)
  2 worker ants (D:5)
  Terence (D:2)
  7 adders
  A gnoll (D:1)
  An inept item mimic (D:4)
  A gnoll skeleton (D:4)
  2 giant geckos
  An ooze (D:1)
  12 orcs
  4 giant cockroaches
  10 goblins
  13 hobgoblins
  15 jackals
  4 quokkas
  2 ball pythons
  13 bats
  6 giant newts
  A goblin skeleton (D:4)
  20 kobolds
  9 rats
137 creatures vanquished.

Notes
Turn   | Place    | Note
--------------------------------------------------------------
     0 | D:1      | Ratboiler, the Halfling Arcane Marksman, began the quest for the Orb.
     0 | D:1      | Reached XP level 1. HP: 12/12 MP: 2/2
   209 | D:1      | Reached skill level 1 in Fighting
   319 | D:1      | Reached XP level 2. HP: 18/18 MP: 3/3
   473 | D:1      | Reached XP level 3. HP: 23/23 MP: 0/4
  1279 | D:2      | Reached skill level 1 in Armour
  1391 | D:2      | Found a shimmering altar of Xom.
  1467 | D:2      | Noticed Terence
  1639 | D:2      | Reached skill level 4 in Slings
  1639 | D:2      | Reached XP level 4. HP: 28/28 MP: 6/6
  1686 | D:2      | Killed Terence
  2701 | D:2      | Reached XP level 5. HP: 21/34 MP: 7/7
  2989 | D:4      | Found Jimoj's Antique Weapon Boutique.
  3021 | D:4      | Reached skill level 1 in Stealth
  3310 | D:3      | Reached skill level 5 in Slings
  3457 | D:3      | Noticed a sky beast
  3504 | D:3      | Killed a sky beast
  3504 | D:3      | Reached XP level 6. HP: 21/39 MP: 6/8
  4317 | D:3      | Noticed an ice beast
  4371 | D:4      | Reached skill level 6 in Slings
  4371 | D:4      | Reached XP level 7. HP: 37/45 MP: 7/9
  4500 | D:3      | Found a stormy altar of Qazlal.
  4850 | D:4      | Found Paevaesh's Food Boutique.
  5016 | D:4      | Found Senki's General Store.
  5571 | D:4      | Found Feiz's Assorted Antiques.
  5964 | D:5      | Entered Level 5 of the Dungeon
  6868 | D:5      | Reached skill level 7 in Slings
  7067 | D:5      | Learned a level 2 spell: Slow
  7438 | D:5      | Found a blossoming altar of Fedhas.
  7438 | D:5      | Found a snail-covered altar of Cheibriados.
  7439 | D:5      | Found a basalt altar of Yredelemnul.
  7464 | D:5      | Reached XP level 8. HP: 38/52 MP: 3/11
  7553 | D:5      | HP: 1/52 [crimson imp/wand of magic darts (9)]
  7558 | D:5      | Killed from afar by a crimson imp

Action                   |  1- 3 |  4- 6 |  7- 9 || total
-------------------------+-------+-------+-------++-------
Melee: Club              |    10 |       |       ||    10
       Spear             |    58 |    29 |       ||    87
       Quarterstaff      |       |     9 |       ||     9
       Dagger            |       |    95 |   205 ||   300
 Fire: Hunting sling     |    46 |   100 |     7 ||   153
 Cast: Corona            |     6 |    20 |     4 ||    30
       Slow              |       |       |     6 ||     6
Evoke: Wand              |       |       |     1 ||     1
  Use: Scroll            |       |     6 |     3 ||     9
       Potion            |       |     2 |     2 ||     4
 Stab: Sleeping          |     1 |       |       ||     1
       Distracted        |       |       |     1 ||     1
  Eat: Chunk             |     2 |     9 |     7 ||    18
       Beef jerky        |       |       |     3 ||     3
